 Dungeon Crawl Stone Soup version 0.20.1-1-g8b1a95d (webtiles) character file.

188 CyK the Caller (level 5, 0/35 HPs)
             Began as a Barachi Summoner on July 13, 2017.
             Killed by nerve-wracking pain
             ... invoked by Grinder
              (4 damage)
             ... while paralysed by Grinder
             ... on level 4 of the Dungeon.
             The game lasted 00:20:55 (3657 turns).

CyK the Caller (Barachi Summoner)                   Turns: 3657, Time: 00:20:55

Health: 0/35       AC:  6    Str:  9    XL:     5   Next: 67%
Magic:  1/20       EV:  2    Int: 16    God:
Gold:   110        SH:  0    Dex: 13    Spells: 2/12 levels left

rFire    + . .     SeeInvis .   (no weapon)
rCold    . . .     Gourm    .   (no shield)
rNeg     . . .     Faith    .   j - +1 ring mail (curse)
rPois    .         Spirit   .   (no helmet)
rElec    .         Reflect  .   m - scarf {repulsion}
rCorr    .         Harm     .   (no gloves)
MR       .....                  (no boots)
Stlth    +.........             (no amulet)
Regen    0.2/turn               e - ring of magical power
MPRegen  0.2/turn               k - ring of protection from fire

@: paralysed, can't hop, flying, repel missiles, slow
A: +LOS, swims, slowness 1, strong legs 1
a: Hop


You were on level 4 of the Dungeon.
You were near starving.

You visited 1 branch of the dungeon, and saw 4 of its levels.

You collected 110 gold pieces.

Inventory:

Armour
 a - a +0 robe
 j - a cursed +1 ring mail (worn)
 m - a scarf of repulsion (worn)
 s - a +0 buckler
Jewellery
 e - a ring of magical power (left hand)
 k - a ring of protection from fire (right hand)
Scrolls
 f - 2 scrolls of amnesia {unknown}
 h - 3 scrolls of identify
 i - 2 scrolls of fear
 n - 3 scrolls of teleportation {unknown}
 q - a scroll of remove curse {unknown}
 r - a scroll of enchant weapon {unknown}
Books
 b - a book of Callings

   Spells                             Type                      Level
   a - Summon Small Mammal            Summoning                    1
   b - Call Imp                       Summoning                    2
   c - Call Canine Familiar           Summoning                    3
   d - Summon Guardian Golem          Hexes/Summoning              3
   e - Summon Lightning Spire         Summoning/Air                4
   f - Summon Ice Beast               Ice/Summoning                4
Comestibles
 c - 4 bread rations
 d - 4 meat rations
 g - a royal jelly
 p - 4 fruits


   Skills:
 - Level 0.8 Armour
 - Level 2.1 Dodging
 - Level 1.7 Stealth
 + Level 4.0 Spellcasting
 + Level 6.8 Summonings


You had 2 spell levels left.
You knew the following spells:

 Your Spells              Type           Power        Failure   Level  Hunger
a - Summon Small Mammal   Summ           ####         2%          1    None
b - Call Imp              Summ           ####....     4%          2    ##.....
c - Summon Lightning Spi  Summ/Air       ##......     75%         4    ####...
d - Call Canine Familiar  Summ           ####....     9%          3    ###....


Dungeon Overview and Level Annotations

Branches:
Dungeon (4/15)
 Temple: D:4-7

Altars:
Makhleb
The Shining One

Annotations:
D:4 Grinder


Innate Abilities, Weirdness & Mutations

Shadows flee at your approach. (+LOS)
You can swim through water.
You cover ground slowly.
You can hop short distances.


Message History

Grinder hits your white imp!
Your white imp dies!
As you read the scroll of fear, it crumbles to dust.
You assume a fearsome visage.
Grinder is unaffected.
Your crimson imp is unaffected. x2
Your crimson imp hits Grinder but does no damage.
Grinder barely misses you.
Unknown command.
Casting: Call Imp
Confirm with . or Enter, or press ? or * to list all spells.
A shadowy apparition takes form in the air.
You are near starving!
Your crimson imp hits Grinder.
Grinder gestures at you.
You suddenly lose the ability to move!
Your crimson imp hits Grinder but does no damage.
Your crimson imp hits Grinder.
Grinder gestures at you. Pain shoots through your body!
You die...

#...# ###. ###..## #
#...## ###..##
#....##########.
#....#..........
#......#########
#....### ##..5@###
##...55.5#
##...<..#.#
#.......#.........
...........##........
.......##### #.......
....... .......
....... ......5
...... ...%..


You could see Grinder, 2 friendly crimson imps and a friendly shadow imp.

Vanquished Creatures
  3 adders
  A giant cockroach (D:1)
  3 hobgoblins (D:3)
  4 jackals
  2 frilled lizards
  A rat (D:3)
14 creatures vanquished.

Vanquished Creatures (collateral kills)
  An ogre (D:4)
  A hound (D:3)
  4 gnolls (D:3)
  6 adders
  A worm (D:3)
  A dart slug (D:1)
  4 leopard geckos (D:1)
  9 orcs (D:3)
  2 ball pythons
  A giant cockroach (D:3)
  3 goblins
  8 hobgoblins
  6 jackals
  5 kobolds
  A quokka (D:3)
  11 bats
  3 frilled lizards
  4 rats
71 creatures vanquished.

Grand Total: 85 creatures vanquished

Notes
Turn   | Place    | Note
-------+----------+-------------------------------------------
     0 | D:1      | CyK the Barachi Summoner began the quest for the Orb.
     0 | D:1      | Reached XP level 1. HP: 13/13 MP: 3/3
    35 | D:1      | Reached skill level 5 in Summonings
   240 | D:1      | Reached XP level 2. HP: 11/19 MP: 5/5
   259 | D:1      | Learned a level 2 spell: Call Imp
  1131 | D:2      | Reached XP level 3. HP: 24/24 MP: 6/6
  1609 | D:2      | Found a glowing golden altar of the Shining One.
  1679 | D:3      | Reached skill level 6 in Summonings
  1685 | D:3      | Reached XP level 4. HP: 27/30 MP: 7/8
  1691 | D:3      | Learned a level 4 spell: Summon Lightning Spire
  2958 | D:3      | Reached XP level 5. HP: 33/35 MP: 10/10
  2967 | D:3      | Learned a level 3 spell: Call Canine Familiar
  3381 | D:3      | Found a burning altar of Makhleb.
  3472 | D:4      | Noticed an ogre
  3480 | D:4      | Killed an ogre
  3621 | D:4      | Noticed Grinder
  3656 | D:4      | Paralysed by Grinder for 6 turns
  3657 | D:4      | Killed from afar by Grinder

Skill      XL: |  1  2  3  4  5 |
---------------+----------------+-----
Summonings     | 5 6 |  6.8
Spellcasting   | 3 4 |  4.0
Armour         | |  0.8
Dodging        | |  2.1
Stealth        | |  1.7

Action                   |  1- 3 |  4- 6 || total
-------------------------+-------+-------++-------
Melee: Unarmed           |    40 |    76 ||   116
 Cast: Summon Small Mamm |    74 |     4 ||    78
       Call Imp          |    40 |    89 ||   129
 Abil: Hop               |     1 |     1 ||     2
  Use: Potion            |     2 |     1 ||     3
       Scroll            |     4 |     1 ||     5
 Stab: Distracted        |       |     1 ||     1
  Eat: Chunk             |     6 |     5 ||    11
       Meat ration       |       |     1 ||     1
Armor: Robe              |     3 |       ||     3
       Ring mail         |    35 |    54 ||    89
Dodge: Dodged            |    58 |    74 ||   132
